 Seeded DCSS version 0.31-a0-496-g6f97920a28 (webtiles) character file.

Game seed: 7415222406553760909 (custom seed)

37 innerfire43 the Trooper (level 3, 0/16 HPs)
             Began as a Demonspawn Monk on Aug 8, 2023.
             Slain by a worm (8 damage)
             ... on level 2 of the Dungeon.
             The game lasted 00:01:31 (839 turns).

innerfire43 the Trooper (Demonspawn Monk)            Turns: 839, Time: 00:01:31

Health: 0/16       AC:  2    Str: 13    XL:     3   Next: 21%
Magic:  3/3        EV: 17    Int: 11    God:
Gold:   55         SH:  0    Dex: 15    Spells: 2/2 levels left

rFire   . .          .
                       - Unarmed
rCold   . . .        c - melded orb {light}
rNeg    + . .        a - +0 robe
rPois   .            (no helmet)
rElec   .            (no cloak)
rCorr   .            (no gloves)
SInv    .            (no boots)
Will    .....        (no amulet)
Stlth   +            f - ring of positive energy
HPRegen 0.22/turn    (no ring)
MPRegen 0.08/turn

%: no passive effects
@: flux-form, glowing
A: glow, contaminating, reduced hp, spiny 1
a: Begin Untransformation


You were on level 2 of the Dungeon.
You were something dangerously unstable.
You visited 1 branch of the dungeon, and saw 2 of its levels.

You collected 55 gold pieces.

Inventory:

Armour
 a - a +0 robe (worn)
 c - an orb of light (melded)
Jewellery
 d - a ring of wizardry
 f - a ring of positive energy (left hand)
 k - a ring of wizardry
Talismans
 g - a flux talisman (active)
Scrolls
 h - a scroll of teleportation {unknown}
 i - a scroll of identify {unknown}
Potions
 b - a potion of ambrosia
 e - 2 potions of curing {unknown}
 j - a potion of lignification {unknown}


   Skills:
 - Level 3.0 Fighting
 - Level 3.0 Dodging
 - Level 3.0 Unarmed Combat
 * Level 1.5 Shapeshifting


You had 2 spell levels left.
You didn't know any spells.
Your spell library was empty.

Dungeon Overview and Level Annotations

Branches:
Dungeon (2/15)

Altars:

Shops:
D:1 ?


Innate Abilities, Weirdness & Mutations

You are something dangerously unstable.
You glow with magical radiation, making you easy to see and hit.
Foes you strike become dangerously contaminated with magical radiation.
Your maximum health is decreased, since you lack skill for your form.
You are incapable of wielding weapons or throwing items.
You are partially covered in sharp spines.


Message History

You begin transforming.
You continue transforming. x3
You turn into something dangerously unstable.
Your orb of light melds into your body.
A goblin comes into view. It is wielding a +1 dagger of venom.
The goblin shouts!
The goblin unwields a +1 dagger of venom.
It stops dripping with poison.
The goblin wields a +0 sling.
The goblin shoots a sling bullet.
The sling bullet closely misses you. 2 goblins come into view.
Found 5 stones.
The goblin shouts! x2
The goblin shoots a sling bullet.
The sling bullet hits you.
There are monsters nearby!
The goblin unwields a +0 dagger.
The goblin wields a +0 sling.
The goblin shoots a sling bullet.
The sling bullet misses you.
The goblin shoots a sling bullet.
The sling bullet barely misses you.
You see here 5 stones.
The goblin shoots a sling bullet.
The sling bullet barely misses you.
You hit the goblin.
You kill the goblin!
The goblin shoots a sling bullet.
The sling bullet misses you.
The goblin shoots a sling bullet.
The sling bullet misses you.
A worm comes into view.
The goblin shoots a sling bullet.
The sling bullet misses you.
The goblin shoots a sling bullet.
The sling bullet closely misses you. The goblin barely misses you.
The goblin shoots a sling bullet.
The sling bullet hits you.
You are too injured to fight recklessly!
You are too injured to fight recklessly!
Unknown command.
You hit the goblin.
You kill the goblin!
The goblin shoots a sling bullet.
The sling bullet completely misses you.
The goblin shoots a sling bullet.
The sling bullet completely misses you.
Things that are here:
a +0 club; a goblin corpse
Found a scroll labelled IRGHUL CUTUIR.
Found a stone staircase leading up.
The worm bites you!
Ouch! That really hurt!
You die...

. ##### .. #.... <..
##### #.###
#..#######...? #.#
#...g.....# #.#
####.......# #.#
#.....B)...######.#.#
#....w....(..)....#.#
#...#.....#########.#
#.. ####>.......# #.#
#. ########.# #.# #
#...#.# #.# #.#.#.#
#.# #.#.#.# #.#
#.#รท#.# #.#


You could see a worm and a goblin.

Vanquished Creatures
  A dart slug (D:2)
  2 bats
  2 giant cockroaches (D:1)
  6 goblins
  2 hobgoblins (D:1)
  6 jackals
  3 quokkas
  2 ball pythons (D:1)
  2 frilled lizards (D:1)
  2 kobolds (D:1)
  2 rats (D:1)
30 creatures vanquished.

Notes
Turn   | Place    | Note
-------+----------+-------------------------------------------
     0 | D:1      | innerfire43 the Demonspawn Monk began the quest for the
                  | Orb.
     0 | D:1      | Reached XP level 1. HP: 18/18 MP: 1/1
    90 | D:2      | Gained mutation: You are partially covered in sharp spines.
                  | [demonic ancestry]
    90 | D:2      | Reached XP level 2. HP: 9/24 MP: 2/2
   167 | D:1      | Reached skill level 1 in Shapeshifting
   279 | D:1      | Reached XP level 3. HP: 25/29 MP: 3/3
   503 | D:1      | Found Onoqawk's Magic Scroll Emporium.
   839 | D:2      | Slain by a worm

Illustrated notes

Levels and vault maps discovered:
D:1:      spicycebolla_green_bress_n_ham_2, layout_rooms, serial_shops, shop,
          minmay_misc_feat_hallway
D:2:      layout_basic, uniq_robin

Skill      XL: |  1  2 |
---------------+-------+-----
Shapeshifting  | 1 |  1.5
Unarmed Combat | 3 |  3.0
Dodging        | 3 |  3.0
Fighting       | |  3.0

Action                     || total
---------------------------++-------
  Melee: Unarmed           ||    65
 Armour: Robe              ||     9
  Dodge: Dodged            ||    59
   Form: Flux              ||     1

Table legend: (Time is in decaauts)
 A = Elapsed time spent in this place.
 B = Non-inter-level travel time spent in this place.
 C = Inter-level travel time spent in this place.
 D = Time resting spent in this place.
 E = Time spent auto-exploring this place.
 F = Levels seen in this place.
 G = Mean time per level.
                   A        B        C        D        E       F      G
               +--------+--------+--------+--------+--------+-----+--------+
         Total |    837 |    784 |     53 |      0 |    560 |   2 |  418.5 |
       Dungeon |    837 |    784 |     53 |      0 |    560 |   2 |  418.5 |
               +--------+--------+--------+--------+--------+-----+--------+

Top non-repeatable levels by time:
     D:1: 549 daAuts
     D:2: 287 daAuts
